 Dungeon Sprint DCSS version 0.29.1-15-g9cfb28693d (webtiles) character file.

Game seed: 17994744250751574474

18 Groucho the Sneak (level 2, 0/13 HPs)
             Began as a Spriggan Enchanter on Apr 7, 2023.
             Splashed by a jelly's acid (7 damage)
             ... in the Dungeon (Sprint IX: "|||||||||||||||||||||||||||||").
             The game lasted 00:00:24 (274 turns).

Groucho the Sneak (Spriggan Enchanter)               Turns: 274, Time: 00:00:25

Health: 0/13       AC: -2    Str:  4    XL:     2   Next: 51%
Magic:  7/7        EV: 18    Int: 16    God:
Gold:   0          SH:  0    Dex: 15    Spells: 8/8 levels left

rFire   . . .      SeeInvis +   a - +1 dagger
rCold   . . .      Faith    .   (no shield)
rNeg    . . .      Spirit   .   b - +0 robe
rPois   .          Reflect  .   (helmet restricted)
rElec   .          Harm     .   (no cloak)
rCorr   .          Rampage  .   (gloves unavailable)
Will    .....      NoTele   +   (boots unavailable)
Stlth   +++.......              (no amulet)
HPRegen 0.04/turn               (no ring)
MPRegen 0.10/turn               (no ring)

@: corroded, hasted, invisible, very quick
A: very small, no large weapons, unfitting armour, see invisible, speed 3
a: no special abilities


You were in the Dungeon.
You visited 1 branch

Inventory:

Hand Weapons
 a - a +1 dagger (weapon)
Armour
 b - a +0 robe (worn)
Scrolls
 i - a scroll of blinking
Potions
 c - a potion of invisibility
 d - a potion of curing
 e - a potion of heal wounds
 g - 2 potions of magic
 h - a potion of berserk rage


   Skills:
 + Level 2.4 Short Blades
 + Level 3.8 Dodging
 * Level 6.5 Stealth
 + Level 3.7 Spellcasting
 + Level 4.3 Hexes


You had 8 spell levels left.
You didn't know any spells.
Your spell library contained the following spells:

 Spells                   Type           Power      Damage    Failure   Level
 Confusing Touch          Hex            16%        N/A       9%          3
 Tukima's Dance           Hex            16%        N/A       9%          3
 Ensorcelled Hibernation  Hex/Ice        18%        N/A       11%         2
 Dazzling Flash           Conj/Hex       18%        N/A       22%         3


Dungeon Overview and Level Annotations

Branches:
Dungeon (1/1)

Altars:


Innate Abilities, Weirdness & Mutations

You are very small and have problems with some larger weapons.
You are too small for most types of armour.
You have supernaturally acute eyesight. (SInv)
You cover ground extremely quickly. (Speed+++)


Message History

You hit the hobgoblin.
You kill the hobgoblin!
Your Hexes skill increases to level 4!
No target in view!
No target in view!
You see here a hobgoblin corpse.
You start resting.
HP restored.
You start waiting.
You start waiting.
Done waiting.
Items here: ) ÷÷÷.
You see here a hobgoblin skeleton.
Okay, then.
You feel yourself speed up.
You fade into invisibility!
You open the door.
A white imp, a jelly, 2 adders and a worm come into view.
There is an open door here.
The helpless worm fails to defend itself.
You impale the worm!!
You kill the worm!
Your Short Blades skill increases to level 2!
You have reached level 2!
You see here a worm corpse.
The helpless adder fails to defend itself.
You impale the adder!!
You kill the adder!
Your Stealth skill increases to level 6!
You see here an adder corpse.
You barely miss the jelly. You punch the jelly.
The jelly is lightly wounded.
The jelly hits you but does no damage.
You hit the jelly. The acid corrodes you!
Your hands burn!
The jelly is moderately wounded.
You hit the jelly.
Your hands burn!
The jelly is moderately wounded.
The jelly hits you.
You are splashed with acid!
Ouch! That really hurt!
You die... ▓▓▓▓▓▓▓▓▓▓▓▓▓▓▓▓▓▓ +S5J@†'...÷)'...<▓ ▓▓▓▓▓▓▓▓▓▓▓▓▓▓▓▓▓▓

You could see a jelly, an adder (asleep) and a white imp (wandering, unable to see you).

Vanquished Creatures
  An adder (D)
  A worm (D)
  A bat (D)
  A goblin (D)
  A hobgoblin (D)
  2 ball pythons (D)
7 creatures vanquished.

Notes
Turn   | Place    | Note
-------+----------+-------------------------------------------
     0 | D        | Groucho the Spriggan Enchanter began the quest for the Orb.
     0 | D        | Reached XP level 1. HP: 9/9 MP: 5/5
    12 | D        | Reached skill level 5 in Stealth
   266 | D        | Noticed a jelly
   269 | D        | Reached XP level 2. HP: 13/13 MP: 7/7
   271 | D        | Reached skill level 6 in Stealth
   274 | D        | Splashed by a jelly's acid

Illustrated notes

Levels and vault maps discovered:
D:        linesprint [early_d, line_temple, items_1, d_10, items_2, lair_1,
          lair_end, items_3, orc_1, orc_end, items_4, d_15, swamp_1, shoals_1,
          snake_1, spider_1, d_20, vaults_1, items_5, swamp_end, shoals_end,
          snake_end, spider_end, vaults_end, d_27, items_6, zot_1, zot_end,
          crypt_end, forest_end, elf_end, slime_end, tomb_end, abyss_end,
          pan_hell_end]

Skill      XL: |  1  2 |
---------------+-------+-----
Dodging        | 3 |  3.8
Stealth        | 5 6 |  6.5
Spellcasting   | 3 |  3.7
Hexes          | 4 |  4.3
Short Blades   | 2 |  2.4

Action                   || total
-------------------------++-------
Melee: Dagger            ||    17
       Punch             ||     1
  Use: Potion            ||     2
 Stab: Sleeping          ||     2
Armor: Robe              ||     5
Dodge: Dodged            ||     9
